 Dungeon Crawl Stone Soup version 0.29.1-15-g9cfb28693d (webtiles) character file.

Game seed: 14711650844894211959

154 BuddhaDhamma the Chopper (level 5, -1/45 HPs)
             Began as a Minotaur Berserker on Mar 18, 2023.
             Was a Believer of Trog.
             Slain by an orc wizard
             ... wielding a +0 dagger
              (4 damage)
             ... on level 3 of the Dungeon.
             The game lasted 00:03:05 (2208 turns).

BuddhaDhamma the Chopper (Minotaur Berserker)       Turns: 2208, Time: 00:03:06

Health: -1/45      AC:  6    Str: 23    XL:     5   Next: 13%
Magic:  4/4        EV: 11    Int:  4    God:    Trog [**....]
Gold:   145        SH:  5    Dex: 10    Spells: 4/4 levels left

rFire   . . .      SeeInvis .   a - +0 hand axe
rCold   . . .      Faith    .   (no shield)
rNeg    . . .      Spirit   .   b - +0 ring mail
rPois   .          Reflect  +   (helmet restricted)
rElec   .          Harm     .   q - +0 cloak
rCorr   .          Rampage  .   (no gloves)
Will    +....                   (no boots)
Stlth   ..........              h - amulet of reflection
HPRegen 0.15/turn               k - ring of willpower
MPRegen 0.09/turn               (no ring)

@: no status effects
A: horns 2, retaliatory headbutt
a: Renounce Religion, Berserk, Trog's Hand


You were on level 3 of the Dungeon.
You worshipped Trog.
Trog was pleased with you.
You visited 1 branch of the dungeon, and saw 3 of its levels.

You collected 145 gold pieces.

Inventory:

Hand Weapons
 a - a +0 hand axe (weapon)
Armour
 b - a +0 ring mail (worn)
 q - a +0 cloak (worn)
Jewellery
 d - a ring of protection from cold
 h - an amulet of reflection (around neck)
 k - a ring of willpower (left hand)
Wands
 n - a wand of flame (5)
Scrolls
 c - 2 scrolls of enchant armour {unknown}
 f - a scroll of acquirement {unknown}
 j - 2 scrolls of poison {unknown}
 m - a scroll of fear {unknown}
 r - 2 scrolls of enchant weapon {unknown}
 s - a scroll of identify {unknown}
Potions
 e - a potion of heal wounds {unknown}
 g - a potion of brilliance {unknown}
 i - 2 potions of resistance {unknown}
 l - 3 potions of curing {unknown}
 o - 2 potions of berserk rage {unknown}
 p - a potion of degeneration {unknown}


   Skills:
 - Level 3.6 Fighting
 + Level 7.1 Axes
 - Level 2.4 Armour
 - Level 2.1 Dodging


You had 4 spell levels left.
You didn't know any spells.
Your spell library was empty.

Dungeon Overview and Level Annotations

Branches:
Dungeon (3/15)

Altars:


Innate Abilities, Weirdness & Mutations

You have a pair of horns on your head.
You reflexively headbutt those who attack you in melee.


Message History

You hear some strange, mumbled words.
You are confused.
Things that are here:
a +0 trident; an orc corpse Something hits you but does no damage.
Something hits you.
Things that are here:
a +0 mace; a worm corpse; an orc corpse
Things that are here:
a +0 trident; an orc corpse Something hits you.
Found a stone staircase leading up.
You're too confused to move!
You feel less confused.
You hear some strange, mumbled words.
Something tries to affect you, but you resist.
You barely miss something. Your headbutt misses something.
You hear some strange, mumbled words.
A puff of flame appears from out of thin air!
The puff of flame hits you!
* * * LOW HITPOINT WARNING * * *
You closely miss something. Something barely misses you.
You closely miss something. Your headbutt misses something. Something hits you.
* * * LOW HITPOINT WARNING * * *
You closely miss something.
You hear some strange, mumbled words.
A magic dart appears from out of thin air!
The magic dart hits you.
* * * LOW HITPOINT WARNING * * *
You barely miss something.
You hear some strange, mumbled words.
Something tries to affect you, but you resist.
You miss something.
You hear some strange, mumbled words.
Something tries to affect you, but you resist.
You miss something. You barely miss something. Your headbutt misses something.
Something hits you.
* * * LOW HITPOINT WARNING * * *
You miss something. Something hits you but does no damage.
You closely miss something. Your headbutt misses something. Something hits you.
You die...

### ..# #.#
########.####
#......{@...##
#.##..)........#
#.###)##.#..< #
#.# #.# # # #.
#.# #.# . #####
#.####.###....
.....
#††..........
#####
#.#.##.###..##
##### # #.##...
#


There were no monsters in sight!

Vanquished Creatures
  An orc priest (D:3)
  Natasha (D:3)
  3 adders
  A gnoll (D:1)
  2 worms
  4 dart slugs
  An orc (D:3)
  3 ball pythons
  6 bats
  5 endoplasms
  5 giant cockroaches
  5 goblins
  3 hobgoblins
  A quokka (D:2)
  A frilled lizard (D:2)
  5 kobolds
  2 rats
49 creatures vanquished.

Notes
Turn   | Place    | Note
-------+----------+-------------------------------------------
     0 | D:1      | BuddhaDhamma the Minotaur Berserker began the quest for the
                  | Orb.
     0 | D:1      | Reached XP level 1. HP: 19/19 MP: 0/0
   146 | D:1      | Reached skill level 4 in Axes
   241 | D:1      | Reached XP level 2. HP: 19/26 MP: 1/1
   331 | D:1      | Found a faded altar of an unknown god.
   995 | D:1      | Reached skill level 5 in Axes
  1002 | D:1      | Reached XP level 3. HP: 26/31 MP: 2/2
  1325 | D:2      | Reached ** piety under Trog
  1570 | D:2      | Reached XP level 4. HP: 39/39 MP: 3/3
  1601 | D:2      | Reached skill level 6 in Axes
  1956 | D:3      | Noticed Natasha
  1966 | D:3      | Killed Natasha
  2184 | D:3      | Reached skill level 7 in Axes
  2184 | D:3      | Reached XP level 5. HP: 33/45 MP: 4/4
  2208 | D:3      | Slain by an orc wizard

Illustrated notes

Levels and vault maps discovered:
D:1:      spicycebolla_green_bress_n_ham, layout_basic,
          shapermc_ecumenical_altar_rom_forum, minmay_misc_feat_columns
D:2:      layout_basic, hex_medium, st_stairs_4, minmay_tiny_reverse_x
D:3:      layout_loops_ring, uniq_natasha

Skill      XL: |  1  2  3  4 |
---------------+-------------+-----
Axes           | 4 5 7 |  7.1
Fighting       | |  3.6
Armour         | |  2.4
Dodging        | |  2.1

Action                   |  1- 3 |  4- 6 || total
-------------------------+-------+-------++-------
Melee: Hand axe          |    71 |    50 ||   121
       Headbutt          |    16 |     4 ||    20
       Punch             |     2 |     1 ||     3
Invok: Berserk           |       |     1 ||     1
Armor: Leather armour    |     2 |       ||     2
       Animal skin       |     1 |       ||     1
       Ring mail         |    26 |    15 ||    41
Dodge: Dodged            |    32 |    22 ||    54
Block: Other             |     5 |     4 ||     9
